 Dungeon Crawl Stone Soup version 0.27.0-1-g7a089689b8 (webtiles) character file.

Game seed: 97227065605796904

532 inmateoo the Skirmisher (level 7, -1/64 HPs)
             Began as a Ghoul Chaos Knight on Aug 12, 2021.
             Was an Initiate of Cheibriados.
             Slain by a gnoll sergeant (14 damage)
             ... on level 5 of the Dungeon.
             The game lasted 00:05:07 (4283 turns).

inmateoo the Skirmisher (Ghoul Chaos Knight)        Turns: 4283, Time: 00:05:08

Health: -1/64      AC: 11    Str: 17 (19) XL:     7   Next: 24%
Magic:  6/6        EV:  5    Int:  5 (8)  God:    Cheibriados [......]
Gold:   260        SH:  0    Dex:  8 (9)  Spells: 6/6 levels left

rFire    . . .     SeeInvis .     - Unarmed
rCold    + . .     Faith    .   (no shield)
rNeg     + + +     Spirit   .   g - +0 plate armour
rPois    ∞         Reflect  .   (no helmet)
rElec    .         Harm     .   j - +0 cloak
rCorr    .         Rampage  .   (no gloves)
Will     .....                  (no boots)
Stlth    ..........             e - amulet of regeneration
HPRegen  0.00/turn              d - ring of flight
MPRegen  0.10/turn              (no ring)

@: flying, inhibited regen, very slow
A: claws 1, cold resistance 1, negative energy resistance 3, inhibited
regeneration, torment resistance 2
a: Renounce Religion, Bend Time


You were on level 5 of the Dungeon.
You worshipped Cheibriados.
Cheibriados was noncommittal.
You visited 2 branches of the dungeon, and saw 6 of its levels.

You collected 260 gold pieces.

Inventory:

Missiles
 a - a curare-tipped dart (quivered)
Armour
 g - a +0 plate armour (worn)
 j - a +0 cloak (worn)
Jewellery
 b - a ring of fire
 d - a ring of flight (left claw)
 e - an amulet of regeneration (around neck)
 k - a ring of fire
Scrolls
 c - a scroll of silence {unknown}
 f - 2 scrolls of enchant armour
 h - 2 scrolls of enchant weapon
Potions
 i - a potion of degeneration
 l - a potion of brilliance {unknown}


   Skills:
 + Level 6.4 Fighting
 - Level 2.0 Armour
 - Level 2.0 Dodging
 + Level 6.4 Unarmed Combat


You had 6 spell levels left.
You didn't know any spells.
Your spell library contained the following spells:

 Spells                   Type           Power      Damage    Failure   Level
 Animate Skeleton         Necr           0%         N/A       100%        1
 Corona                   Hex            0%         N/A       100%        1
 Magic Dart               Conj           0%         1d3       100%        1
 Pain                     Necr           0%         1d4       100%        1
 Call Imp                 Summ           0%         N/A       100%        2
 Ensorcelled Hibernation  Hex/Ice        0%         N/A       100%        2
 Searing Ray              Conj           0%         3d3       100%        2
 Mephitic Cloud           Conj/Pois/Air  0%         N/A       100%        3
 Stone Arrow              Conj/Erth      0%         3d7       100%        3
 Tukima's Dance           Hex            0%         N/A       100%        3
 Vampiric Draining        Necr           0%         2d6       100%        3


Dungeon Overview and Level Annotations

Branches:
Dungeon (5/15)             Temple (1/1) D:4

Altars:
Ashenzari
Cheibriados
Dithmenos
Elyvilon
Fedhas
Gozag
Hepliaklqana
Kikubaaqudgha
Makhleb
Nemelex Xobeh
Okawaru
Sif Muna
Trog
Vehumet
Wu Jian
Xom
Yredelemnul
Zin
The Shining One

Annotations:
D:4 2 transporters, exclusion: door, windycow's ghost, amateur TrHu
D:5 Prince Ribbit


Innate Abilities, Weirdness & Mutations

You thrive by killing the living.
You are immune to poison.
You have sharp fingernails.
Your flesh is cold resistant. (rC+)
You are immune to negative energy. (rN+++)
You do not regenerate when monsters are visible.
You are immune to unholy pain and torment.


Message History

The black bear bites you.
The black bear claws you but does no damage.
The black bear claws you.
You scratch the black bear. Your claw misses the black bear.
The black bear is heavily wounded.
The black bear bites you.
The black bear claws you but does no damage. x2
You claw the black bear!
You kill the black bear!
Cheibriados appreciates the change of pace.
You feel better.
You feel your dexterity returning.
No target in view!
You start resting.
HP restored.
You reach down and open the door. 4 gnolls and a gnoll sergeant come into view.
The gnoll sergeant is wielding a +6 spear of venom.
The gnoll sergeant shouts!
The gnoll shouts! x4
Found a thick glowing staff.
There are monsters nearby!
The gnoll sergeant hits you with a +6 spear of venom!
You scratch the gnoll sergeant but do no damage.
The gnoll sergeant hits you but does no damage.
Your plate armour prevents you from hitting the gnoll sergeant.
The gnoll sergeant hits you with a +6 spear of venom.
The gnoll sergeant blocks your attack.
The gnoll sergeant hits you with a +6 spear of venom!
You scratch the gnoll sergeant.
The gnoll sergeant is moderately wounded.
The gnoll sergeant hits you with a +6 spear of venom!
You scratch the gnoll sergeant.
The gnoll sergeant is heavily wounded.
The gnoll sergeant hits you with a +6 spear of venom!
* * * LOW HITPOINT WARNING * * *
You scratch the gnoll sergeant.
The gnoll sergeant is severely wounded.
The gnoll sergeant hits you with a +6 spear of venom!
You die...
Xom laughs nastily!

##.##.# #.# #.##.# #.#
##.##.# #.#
...##.###########.#
#####.##≈≈≈≈≈≈≈≈≈.#
#...##≈##≈≈≈##≈.#
#.####≈#######≈.# #.#
#≈≈#..g#≈≈.#
##.####≈≈#|.ggg@.#
#.#....≈≈#..g#≈≈.#####
##.####≈#######≈.....#
###.##≈##≈≈≈##≈####.#
##.#.#≈≈≈≈≈≈≈≈≈#
###.#...........##
............###.#
...).....#..# #.#
[#######.#..# #..


You could see a gnoll sergeant and 4 gnolls.

Vanquished Creatures
  A black bear (D:5)
  2 water moccasin skeletons (D:5)
  A bullfrog skeleton (D:5)
  An orc priest (D:3)
  A jelly (D:5)
  4 orc wizards
  2 hound skeletons
  3 adders
  An ufetubus (D:5)
  A worm (D:3)
  3 dart slugs
  10 orcs
  8 ball pythons
  3 bats
  3 endoplasms
  2 giant cockroaches
  6 goblins
  6 hobgoblins
  3 jackals (D:4)
  4 quokkas
  A frilled lizard (D:1)
  4 kobolds
  3 rats
73 creatures vanquished.

Vanquished Creatures (others)
  An orc wizard (D:3)
1 creature vanquished.

Grand Total: 74 creatures vanquished

Notes
Turn   | Place    | Note
-------+----------+-------------------------------------------
     0 | D:1      | inmateoo the Ghoul Chaos Knight began the quest for the
                  | Orb.
     0 | D:1      | Reached XP level 1. HP: 19/19 MP: 0/0
     0 | D:1      | XOM: divination: detect items
    47 | D:1      | Reached skill level 1 in Dodging
   237 | D:1      | Reached XP level 2. HP: 25/26 MP: 1/1
   400 | D:1      | XOM: divination: detect items
   464 | D:1      | XOM: cloud trail
   692 | D:1      | Reached XP level 3. HP: 33/33 MP: 2/2
   874 | D:2      | XOM: 1-stop teleportation journey
  1172 | D:2      | Found a faded altar of an unknown god.
  1211 | D:3      | Reached XP level 4. HP: 40/40 MP: 3/3
  1426 | D:3      | Reached XP level 5. HP: 37/47 MP: 4/4
  1432 | D:3      | XOM: god gift: 58 gold pieces
  1527 | D:3      | XOM: divine lightning
  2031 | D:3      | XOM: god gift: 18 gold pieces
  2238 | D:4      | XOM is BORED!
  2238 | D:4      | Found a transporter.
  2238 | D:4      | XOM: 1-stop teleportation journey
  2239 | D:4      | Noticed windycow's ghost (amateur TrHu)
  2246 | D:4      | Found a shimmering blue altar of Sif Muna.
  2394 | D:4      | Reached skill level 5 in Fighting
  2394 | D:4      | Reached skill level 5 in Unarmed Combat
  2489 | D:4      | Found a transporter.
  2541 | D:4      | Got the Incunabulum of Conjuration
  2573 | D:4      | Found a staircase to the Ecumenical Temple.
  2858 | Temple   | Entered the Ecumenical Temple
  2904 | Temple   | Fell from the grace of Xom
  2904 | Temple   | Became a worshipper of Cheibriados the Contemplative
  2957 | D:5      | Entered Level 5 of the Dungeon
  2966 | D:5      | Reached XP level 6. HP: 49/56 MP: 5/5
  3315 | D:4      | XOM: cloud trail
  3373 | D:5      | Reached XP level 7. HP: 59/63 MP: 6/6
  3495 | D:5      | Noticed Prince Ribbit
  3514 | D:5      | HP: 1/63 [Prince Ribbit (12)]
  3736 | D:5      | XOM: noise
  4283 | D:5      | Slain by a gnoll sergeant

Illustrated notes

Levels and vault maps discovered:
D:1:      psy_arrival_basics, layout_loops_cross, dk_noncrumbling_3
D:2:      layout_rooms, chequers_ecumenical_altar_twisty
D:3:      layout_basic, kennysheep_generic_room_15
D:4:      layout_cave_pools, led_sif_book, minmay_temple_entry_junction,
          gammafunk_ghost_stat_death
D:5:      layout_loops_ring, lightli_minifort, uniq_prince_ribbit1
Temple:   compressed_dpeg_circular_temple

Skill      XL: |  1  2  3  4  5  6 |
---------------+-------------------+-----
Dodging        | 1 2 |  2.0
Armour         | 2 |  2.0
Fighting       | 4 5 6 |  6.4
Unarmed Combat | 4 5 6 |  6.4

Action                   |  1- 3 |  4- 6 |  7- 9 || total
-------------------------+-------+-------+-------++-------
Melee: Unarmed           |    94 |   192 |    44 ||   330
       Punch             |     2 |     3 |     1 ||     6
Throw: Dart              |       |       |     2 ||     2
  Use: Scroll            |     6 |     4 |     1 ||    11
       Potion            |       |       |     3 ||     3
Armor: Leather armour    |    24 |    64 |       ||    88
       Plate armour      |       |    12 |    24 ||    36
Dodge: Dodged            |    52 |    90 |    13 ||   155
